 Dungeon Crawl Stone Soup version 0.30-a0-54-g2e61a25929 (webtiles) character file.

Game seed: 3284407129247617401

27 Newt the Trooper (level 2, -10/28 HPs)
             Began as a Draconian Monk on Sept 7, 2022.
             Killed by nerve-wracking pain
             ... invoked by a shadow imp
             ... summoned by Natasha
              (11 damage)
             ... on level 2 of the Dungeon.
             The game lasted 00:01:26 (1447 turns).

Newt the Trooper (Draconian Monk)                   Turns: 1447, Time: 00:01:27

Health: -10/28     AC:  4    Str: 12 (13) XL:     2   Next: 93%
Magic:  2/2        EV: 13    Int:  9 (10) God:
Gold:   105        SH:  0    Dex: 18 (19) Spells: 1/1 levels left

rFire   . . .      SeeInvis .    a - +0 mace
rCold   . . .      Faith    .    (no shield)
rNeg    . . .      Spirit   .    (body armour unavailable)
rPois   .          Reflect  .    (helmet restricted)
rElec   .          Harm     .    (no cloak)
rCorr   .          Rampage  .    (no gloves)
Will    .....                    (no boots)
Stlth   ++........               (no amulet)
HPRegen 0.09/turn                f - +6 ring of dexterity
MPRegen 0.08/turn                (no ring)

@: no status effects
A: AC +4, unfitting armour, cold-blooded
a: no special abilities


You were on level 2 of the Dungeon.
You visited 1 branch of the dungeon, and saw 2 of its levels.

You collected 105 gold pieces.

Inventory:

Hand Weapons
 a - a +0 mace (weapon)
Jewellery
 f - a +6 ring of dexterity (left hand)
Scrolls
 d - a scroll of enchant armour
 g - a scroll of identify {unknown}
 h - a scroll of noise {unknown}
 i - a scroll of amnesia
 j - a scroll of summoning {unknown}
Potions
 b - 3 potions of ambrosia
 e - a potion of might {unknown}


   Skills:
 + Level 4.5 Fighting
 - Level 3.0 Maces & Flails
 - Level 2.6 Dodging
 - Level 2.0 Stealth


You had one spell level left.
You didn't know any spells.
Your spell library contained the following spells:

 Spells                   Type           Power      Damage    Failure   Level
 Iskenderun's Battlesphe  Conj           0%         2d6       100%        5
 Iron Shot                Conj/Erth      0%         9d1       100%        6
 Spellforged Servitor     Conj/Summ      0%         N/A       100%        7


Dungeon Overview and Level Annotations

Branches:
Dungeon (2/15)

Altars:

Annotations:
D:2 Natasha


Innate Abilities, Weirdness & Mutations

Your plain brown scales are hard. (AC +4)
You cannot fit into any form of body armour.
You are cold-blooded and may be slowed by cold attacks.


Message History

You hit Natasha but do no damage.
Natasha is lightly wounded.
Natasha casts a spell at you. The magic dart hits you.
* * * LOW HITPOINT WARNING * * *
Unknown command.
You are confused.
You feel invigorated.
Natasha casts a spell.
The shadow imp closely misses you.
Unknown command.
Natasha barely misses you. The shadow imp hits you.
You miss the shadow imp. Natasha claws you. The shadow imp gestures at you.
Pain shoots through your body!
* * * LOW HITPOINT WARNING * * *
The shadow imp grinds its teeth.
The shadow imp hits you but does no damage.
You hit the shadow imp.
The shadow imp is lightly wounded.
Natasha claws you.
* * * LOW HITPOINT WARNING * * *
The shadow imp closely misses you. The shadow imp gestures at you.
Pain shoots through your body!
* * * LOW HITPOINT WARNING * * *
You hit Natasha.
Your tail-slap misses Natasha.
Natasha is moderately wounded.
You feel less invigorated.
You feel less confused. Natasha barely misses you. The shadow imp misses you.
The shadow imp hits you.
* * * LOW HITPOINT WARNING * * *
Natasha claws you but does no damage.
It was a potion of degeneration.
There was something very wrong with that liquid.
You feel weakened.
You feel dopey.
You feel clumsy. The shadow imp barely misses you.
The shadow imp gestures at you. Pain shoots through your body!
You die...

#.# #########..#..# #.#
#.......#...#.# #.#
#####.#####.#.....#
##.#
#.....##..........#
....
#.....##.##.#.....#
...#
#.....##.##.#.....#
#...#.....##..#.#.....#
#....5...###.#.......#
##...@h..# #.###...#.#
#....5..# #.# #..#..#
## #.#...#####.#
#..#..# .#####
#.###.###...###...##.
.....# #
..#..............
.....#
#.....#####.###..
.....#
#.#...####.......
.....#
#.#............##
'##### ....>.####.####


You could see Natasha and 2 shadow imps.

Vanquished Creatures
  An adder (D:2)
  3 bats (D:1)
  An endoplasm (D:2)
  4 goblins
  3 hobgoblins
  4 ball pythons (D:1)
  A kobold (D:1)
17 creatures vanquished.

Notes
Turn   | Place    | Note
-------+----------+-------------------------------------------
     0 | D:1      | Newt the Draconian Monk began the quest for the Orb.
     0 | D:1      | Reached XP level 1. HP: 19/19 MP: 1/1
   226 | D:1      | Found a faded altar of an unknown god.
   461 | D:1      | Reached XP level 2. HP: 15/27 MP: 2/2
   765 | D:1      | Reached skill level 4 in Fighting
  1115 | D:2      | Noticed Natasha
  1165 | D:2      | Identified the +1 helmet of Ru's Reproof {+Inv rC+ Int+2}
  1445 | D:2      | HP: 1/28 [shadow imp/nerve-wracking pain[Natasha] (5)]
  1447 | D:2      | Killed from afar by a shadow imp

Illustrated notes

Levels and vault maps discovered:
D:1:      nzn_arrival_water_spiral, layout_loops_ring,
          shapermc_ecumenical_altar_mp_ritualfount
D:2:      layout_basic, minmay_curled_crystal, uniq_natasha

Skill      XL: |  1  2 |
---------------+-------+-----
Stealth        | 2 |  2.0
Fighting       | 4 |  4.5
Maces & Flails | |  3.0
Dodging        | |  2.6

Action                   || total
-------------------------++-------
Melee: Mace              ||    50
       Tailslap          ||     7
  Use: Scroll            ||     4
       Potion            ||     2
 Stab: Sleeping          ||     3
Armor: Skin              ||    16
Dodge: Dodged            ||    37

Table legend: (Time is in decaauts)
 A = Elapsed time spent in this place.
 B = Non-inter-level travel time spent in this place.
 C = Inter-level travel time spent in this place.
 D = Time resting spent in this place.
 E = Time spent auto-exploring this place.
 F = Levels seen in this place.
 G = Mean time per level.
                   A        B        C        D        E       F      G
               +--------+--------+--------+--------+--------+-----+--------+
         Total |   1458 |   1456 |      2 |      0 |   1293 |   2 |  729.0 |
       Dungeon |   1458 |   1456 |      2 |      0 |   1293 |   2 |  729.0 |
               +--------+--------+--------+--------+--------+-----+--------+

Top non-repeatable levels by time:
     D:1: 1035 daAuts
     D:2: 423 daAuts
